 Dungeon Crawl Stone Soup version 0.31.0-32-g396128a36d (webtiles) character file.

Game seed: 3099882995908841972

51 DildoBatman the Conjurer (level 4, -1/32 HPs)
             Began as a Formicid Conjurer on Mar 12, 2024.
             Slain by a hobgoblin (4 damage)
             ... on level 3 of the Dungeon.
             The game lasted 00:03:19 (1191 turns).

DildoBatman the Conjurer (Formicid Conjurer)        Turns: 1191, Time: 00:03:20

Health: -1/32      AC:  2    Str: 12    XL:     4   Next: 5%
Magic:  7/7        EV: 12    Int: 19    God:
Gold:   50         SH:  0    Dex: 12    Spells: 5/8 levels left

rFire   . . .        g - +0 short sword
rCold   . . .        (no shield)
rNeg    . . .        a - +0 robe
rPois   .            (helmet unavailable)
rElec   .            (no cloak)
rCorr   .            (no gloves)
SInv    +            (no boots)
Will    .....        (no amulet)
Stlth   ++           d - ring of wizardry
HPRegen 0.25/turn    m - ring of flight
MPRegen 0.10/turn

%: wizardry (x1)
@: flying
A: permanent stasis, dig shafts and tunnels, antennae 3, four strong arms
a: Dig, Shaft Self


You were on level 3 of the Dungeon.
You visited 1 branch of the dungeon, and saw 3 of its levels.

You collected 50 gold pieces.

Inventory:

Hand Weapons
 e - a +0 flail
 g - a +0 short sword (weapon)
Missiles
 f - 23 stones
 o - 6 silver javelins
Armour
 a - a +0 robe (worn)
Jewellery
 d - a ring of wizardry (left hand)
 m - a ring of flight (right hand)
Scrolls
 h - a scroll of revelation {unknown}
 j - 2 scrolls of identify {unknown}
 l - a scroll of vulnerability {unknown}
 n - a scroll of teleportation {unknown}
Potions
 b - a potion of magic
 c - 2 potions of mutation {unknown}
 i - 2 potions of curing {unknown}
 k - a potion of degeneration {unknown}


   Skills:
 + Level 1.2 Fighting
 + Level 1.3 Armour
 + Level 2.1 Dodging
 + Level 3.1 Stealth
 + Level 2.6 Spellcasting
 + Level 3.8 Conjurations


You had 5 spell levels left.
You knew the following spells:

 Your Spells              Type           Power      Damage    Failure   Level
a - Searing Ray           Conj           34%        2d5       1%          2
c - Magic Dart            Conj           68%        1d6       1%          1

Your spell library contained the following spells:

 Spells                   Type           Power      Damage    Failure   Level
 Fulminant Prism          Conj/Alch      4%         3d5       28%         4
 Iskenderun's Mystic Bla  Conj/Tloc      9%         2d4       28%         4


Dungeon Overview and Level Annotations

Branches:
Dungeon (3/15)

Altars:

Annotations:
D:2 exclusion: sensed monster (detected), Natasha


Innate Abilities, Weirdness & Mutations

You cannot be hasted, slowed, berserked, paralysed or teleported.
You can dig through walls and to a lower floor.
You have a pair of large antennae on your head. (SInv)
Your four strong arms can wield two-handed weapons with a shield.


Message History

t - Shout!
Orders for allies: a - Attack new target. r - Retreat! s - Stop attacking. g - Guard the area. f - Follow me.
Anything else - Cancel.
You shout for attention!
The hobgoblin closely misses you. What are your orders? t - Shout!
Orders for allies: a - Attack new target. r - Retreat! s - Stop attacking. g - Guard the area. f - Follow me.
Anything else - Cancel.
You shout for attention!
The hobgoblin hits you. What are your orders? t - Shout!
Orders for allies: a - Attack new target. r - Retreat! s - Stop attacking. g - Guard the area. f - Follow me.
Anything else - Cancel.
You shout for attention!
The hobgoblin hits you. What are your orders? t - Shout!
Orders for allies: a - Attack new target. r - Retreat! s - Stop attacking. g - Guard the area. f - Follow me.
Anything else - Cancel.
You shout for attention!
The hobgoblin barely misses you. What are your orders? t - Shout!
Orders for allies: a - Attack new target. r - Retreat! s - Stop attacking. g - Guard the area. f - Follow me.
Anything else - Cancel.
You shout for attention!
The hobgoblin hits you.
You die...

#.........###....#..
#................#..
.######.###..######+##..
............... ....
..........#...... .....
............###### #####
#...........#
#######g#.#.# #@#.#.#
#.#.# # ,..#.. ...# #
..... .....# #..#### ...


You could see a hobgoblin.

Vanquished Creatures
  5 dart slugs
  3 ball pythons
  2 bats (D:1)
  10 endoplasms
  2 giant cockroaches (D:1)
  2 hobgoblins (D:1)
  4 quokkas
  3 frilled lizards
  3 kobolds
34 creatures vanquished.

Notes
Turn   | Place    | Note
-------+----------+-------------------------------------------
     0 | D:1      | DildoBatman the Formicid Conjurer began the quest for the
                  | Orb.
     0 | D:1      | Reached XP level 1. HP: 13/13 MP: 3/3
   184 | D:1      | Reached XP level 2. HP: 19/20 MP: 0/5
   187 | D:1      | Learned a level 2 spell: Searing Ray
   494 | D:1      | Reached skill level 1 in Armour
   494 | D:1      | Reached XP level 3. HP: 20/25 MP: 6/6
   496 | D:1      | Reached skill level 1 in Fighting
   992 | D:2      | Noticed Natasha
  1096 | D:2      | Reached XP level 4. HP: 32/32 MP: 4/7
  1191 | D:3      | Slain by a hobgoblin

Illustrated notes

Levels and vault maps discovered:
D:1:      ncdulo_smallfort, layout_basic, minmay_hexomino_c4
D:2:      layout_basic, minmay_misc_feat_columns, uniq_natasha
D:3:      wad_river_or_something, layout_basic, jmf_multi_god_temple,
          kennysheep_generic_room_14

Skill      XL: |  1  2  3 |
---------------+----------+-----
Armour         | 1 |  1.3
Dodging        | 2 |  2.1
Fighting       | 1 |  1.2
Stealth        | 3 |  3.1
Spellcasting   | |  2.6
Conjurations   | |  3.8

Action                     |  1- 3 |  4- 6 || total
---------------------------+-------+-------++-------
  Melee: Unarmed           |     3 |       ||     3
         Flail             |     1 |       ||     1
         Short sword       |     7 |     2 ||     9
   Cast: Magic Dart        |    56 |       ||    56
         Searing Ray       |     2 |       ||     2
   Stab: Sleeping          |     2 |       ||     2
 Armour: Robe              |     7 |    13 ||    20
  Dodge: Dodged            |    14 |    20 ||    34
